 Dungeon Crawl Stone Soup version 0.27.1-34-g3ba077fa99 (webtiles) character file.

Game seed: 7214669240539499277

9638 Flarelocke the Grappler (level 11, -8/109 HPs)
             Began as a Troll Monk on Jan 2, 2022.
             Was a Believer of Qazlal.
             Mangled by a boulder beetle (17 damage)
             ... on level 12 of the Dungeon.
             The game lasted 00:37:09 (10899 turns).

Flarelocke the Grappler (Troll Monk)               Turns: 10899, Time: 00:37:10

Health: -8/109     AC:  5    Str: 22    XL:     11   Next: 25%
Magic:  3/15       EV: 11    Int:  6    God:    Qazlal [**....]
Gold:   527        SH: 13    Dex: 14    Spells: 10/10 levels left

rFire    . . .     SeeInvis +     - Unarmed
rCold    . . .     Faith    .   n - +0 kite shield
rNeg     . . .     Spirit   .   E - +0 acid dragon scales
rPois    .         Reflect  .   (helmet restricted)
rElec    .         Harm     .   v - +0 cloak
rCorr    +         Rampage  .   (gloves unavailable)
Will     .....                  (boots unavailable)
Stlth    +.........             G - amulet of regeneration
HPRegen  2.28/turn              q - +4 ring of protection
MPRegen  0.14/turn              p - ring of see invisible

@: corroded, hasted, very quick
A: large, unfitting armour, claws 3, regeneration 1, shaggy fur 1, tough skin 1
a: Renounce Religion, Upheaval


You were on level 12 of the Dungeon.
You worshipped Qazlal.
Qazlal was pleased with you.
You visited 2 branches of the dungeon, and saw 13 of its levels.

You collected 527 gold pieces.

Inventory:

Armour
 a - a +0 robe
 n - a +0 kite shield (worn)
 v - a +0 cloak (worn)
 E - +0 acid dragon scales (worn)
Jewellery
 c - a +6 ring of dexterity
 p - a ring of see invisible (right claw)
 q - a +4 ring of protection (left claw)
 x - the ring "Archeu" {Wiz Str+4}
   (You found it on level 8 of the Dungeon)

   [ring of wizardry]

   It improves your spell success rate.
   Str:       It affects your strength (+4).
 B - an amulet of magic regeneration
 G - an amulet of regeneration (around neck)
Wands
 k - a wand of flame (35)
 o - a wand of digging (2)
 y - a wand of iceblast (7)
Scrolls
 b - a scroll of fear
 d - 5 scrolls of identify
 f - 2 scrolls of enchant armour
 j - 2 scrolls of amnesia {unknown}
 l - 3 scrolls of blinking {unknown}
 m - 4 scrolls of summoning {unknown}
 s - 2 scrolls of teleportation {unknown}
 t - 3 scrolls of noise {unknown}
 w - 4 scrolls of holy word
 D - 2 scrolls of magic mapping {unknown}
 H - a scroll of enchant weapon {unknown}
 I - 2 scrolls of vulnerability {unknown}
 J - a scroll of acquirement {unknown}
Potions
 e - 3 potions of attraction
 g - 3 potions of haste
 h - a potion of curing
 i - a potion of flight {unknown}
 r - a potion of berserk rage
 u - 2 potions of brilliance
 z - a potion of resistance {unknown}
 C - a potion of magic {unknown}
 F - a potion of degeneration {unknown}


   Skills:
 + Level 7.2 Fighting
 + Level 1.7 Armour
 + Level 7.2 Dodging
 - Level 1.0 Stealth
 + Level 5.9 Shields
 + Level 8.7 Unarmed Combat
 + Level 7.2 Invocations


You had 10 spell levels left.
You didn't know any spells.
Your spell library contained the following spells:

 Spells                   Type           Power      Damage    Failure   Level
 Sandblast                Erth           0%         2d4       77%         1
 Corpse Rot               Necr/Air       N/A        N/A       88%         2
 Passwall                 Tmut/Erth      0%         N/A       88%         2
 Poisonous Vapours        Pois/Air       0%         N/A       88%         2
 Gell's Gravitas          Tloc           0%         N/A       98%         3
 Ozocubu's Armour         Ice            0%         N/A       98%         3
 Teleport Other           Tloc           0%         N/A       98%         3
 Hailstorm                Conj/Ice       0%         3d3       100%        4
 Ice Form                 Ice/Tmut       0%         N/A       100%        4
 Freezing Cloud           Conj/Ice/Air   0%         6-21      100%        5
 Lee's Rapid Deconstruct  Erth           0%         3d5*      100%        5
 Metabolic Englaciation   Hex/Ice        0%         N/A       100%        5
 Dispersal                Tloc           0%         N/A       100%        6
 Simulacrum               Ice/Necr       0%         N/A       100%        6


Dungeon Overview and Level Annotations

Branches:
Dungeon (12/15)            Temple (1/1) D:4            Lair (0/6) D:9
    Orc (0/2) D:11

Altars:
Ashenzari
Cheibriados
Dithmenos
Elyvilon
Fedhas
Gozag
Hepliaklqana
Kikubaaqudgha
Makhleb
Nemelex Xobeh
Okawaru
Qazlal
Ru
Sif Muna
Trog
Uskayaw
Vehumet
Wu Jian
Xom
Yredelemnul
Zin
The Shining One

Shops:
D:2 (   D:4 :   D:11 (

Annotations:
D:7 1 runed translucent door, Crazy Yiuf
D:10 Erolcha, Fannar
D:12 Nessos


Innate Abilities, Weirdness & Mutations

You are too large for most types of armour.
You have claws for hands.
Your natural rate of healing is unusually fast.
You are covered in fur. (AC +1)
You have tough skin. (AC +1)


Message History

* * * LOW HITPOINT WARNING * * *
Nessos closely misses you.
You bump into the rock wall.
Nessos hits you but does no damage. Nessos kicks you but does no damage.
The orc closely misses you.
You bump into the rock wall.
You hear a shout!
Nessos hits you but does no damage. Nessos kicks you.
* * * LOW HITPOINT WARNING * * *
Nessos hits you but does no damage. Nessos kicks you but does no damage.
You closely miss Nessos.
Nessos is severely wounded.
Nessos hits you but does no damage. Nessos misses you.
You claw the brown ugly thing!
The brown ugly thing is moderately wounded.
Nessos hits you!
* * * LOW HITPOINT WARNING * * *
Nessos barely misses you.
You're too confused to move!
Nessos closely misses you.
Nessos barely misses you. x2; Nessos kicks you but does no damage.
You bump into the rock wall.
Nessos blinks!
The brown ugly thing engulfs you!
* * * LOW HITPOINT WARNING * * *
You are splashed with acid.
You resist.
* * * LOW HITPOINT WARNING * * *
You miss the brown ugly thing.
The brown ugly thing is moderately wounded.
You feel less confused.
You block the brown ugly thing's attack.
You scratch the boulder beetle but do no damage.
The boulder beetle is moderately wounded.
You scratch the brown ugly thing but do no damage.
The brown ugly thing is moderately wounded.
Nessos blinks!
The brown ugly thing completely misses you.
The boulder beetle bites you!
* * * LOW HITPOINT WARNING * * *
As you read the scroll labelled VAUGYD ANYNIZO, it crumbles to dust.
You speak a Word of immense power!
It was a scroll of holy word.
An orc priest comes into view. It is wielding a +0 short sword.
The boulder beetle bites you!
You die...

#.# #.
#.# ## ..
# #####o#
####
#cB@u#.
#...
#.###o#
#.## #ยง#
.# #.#
#.###.#
#.#
##...#.#
#.#
##....B.#
#.#
#.......#
#.#
#.......#
#.#
#..c....#
#.#


You could see a boulder beetle, Nessos (fast), a brown ugly thing, an orc priest
and an orc.

Vanquished Creatures
  A boulder beetle (D:11)
  Pikel (D:6)
  An ugly thing (D:12)
  Joseph (D:9)
  An unseen horror (D:11)
  Maggie (D:9)
  A tengu conjurer (D:11)
  A troll (D:12)
  Sigmund (D:5)
  11 yaks
  A shadow (D:12)
  2 wyverns
  Grum (D:9)
  Menkaure (D:7)
  A steam dragon (D:8)
  An acid dragon (D:9)
  6 orc warriors
  3 sky beasts
  A hornet zombie (D:7)
  2 ice beasts (D:5)
  2 wolves (D:9)
  7 centaurs
  3 lemures (D:6)
  Blork the orc (D:5)
  A kobold brigand (D:9)
  A gnoll sergeant (D:9)
  A water moccasin zombie (D:7)
  A scorpion (D:4)
  6 killer bees (D:8)
  13 wights
  A vampire bat (D:3)
  3 howler monkeys (D:9)
  3 centaur zombies
  5 orc priests
  4 hounds
  3 iguanas
  A bullfrog skeleton (D:4)
  A centaur skeleton (D:6)
  A gnoll shaman (D:7)
  13 orc wizards
  A hound zombie (D:5)
  6 gnolls
  5 adders
  A shadow imp (D:8)
  A white imp (D:6)
  2 adder skeletons (D:4)
  6 worms
  33 orcs
  A ball python (D:2)
  6 endoplasms
  A giant cockroach (D:4)
  3 goblins
  4 hobgoblins
  2 jackals (D:3)
  2 quokkas
  11 bats
  A frilled lizard (D:1)
  14 kobolds
  A rat (D:3)
211 creatures vanquished.

Notes
Turn   | Place    | Note
-------+----------+-------------------------------------------
     0 | D:1      | Flarelocke the Troll Monk began the quest for the Orb.
     0 | D:1      | Reached XP level 1. HP: 22/22 MP: 0/0
   217 | D:1      | Reached XP level 2. HP: 29/29 MP: 1/1
   769 | D:2      | Found Sowigag's Antique Weapon Emporium.
   803 | D:2      | Found a faded altar of an unknown god.
   983 | D:2      | Reached skill level 1 in Invocations
  1018 | D:2      | Reached XP level 3. HP: 36/36 MP: 2/2
  1186 | D:3      | Reached XP level 4. HP: 44/44 MP: 2/4
  1647 | D:3      | Reached XP level 5. HP: 40/53 MP: 5/5
  2028 | D:3      | Reached skill level 4 in Unarmed Combat
  2213 | D:4      | Found a sacrificial altar of Ru.
  2213 | D:4      | Noticed an orc warrior
  2229 | D:4      | Killed an orc warrior
  2230 | D:4      | Reached XP level 6. HP: 16/61 MP: 6/6
  2343 | D:4      | Found a shimmering altar of Xom.
  2440 | D:4      | Found Ygacw's Book Boutique.
  2825 | D:4      | Found a staircase to the Ecumenical Temple.
  2831 | Temple   | Entered the Ecumenical Temple
  3132 | D:5      | Entered Level 5 of the Dungeon
  3207 | D:5      | Noticed an ice beast
  3227 | D:5      | Identified the +5 ring mail "Oraoziopn" {+Blink rN+++ Int+3
                  | SInv}
  3295 | D:5      | Noticed an ice beast
  3295 | D:5      | Noticed Blork the orc
  3349 | D:5      | Noticed Sigmund
  3371 | D:4      | Reached XP level 7. HP: 60/68 MP: 8/8
  3674 | D:6      | Reached skill level 1 in Shields
  3674 | D:6      | Reached skill level 5 in Unarmed Combat
  3792 | D:6      | Noticed Pikel
  3806 | D:6      | Killed Pikel
  3807 | D:6      | Reached XP level 8. HP: 41/79 MP: 9/9
  4049 | D:6      | Identified the +3 whip "Estotawn" {flame, rElec Int+4}
  4094 | D:6      | Found a snail-covered altar of Cheibriados.
  4818 | D:7      | Reached skill level 6 in Unarmed Combat
  4915 | D:7      | Found a burning altar of Makhleb.
  4915 | D:7      | Noticed Menkaure
  4934 | D:7      | Killed Menkaure
  4935 | D:7      | Reached skill level 5 in Fighting
  4935 | D:7      | Reached skill level 5 in Dodging
  5167 | D:7      | Reached XP level 9. HP: 76/88 MP: 11/11
  5221 | D:7      | Found a runed translucent door.
  5222 | D:7      | Noticed Crazy Yiuf
  5288 | D:7      | Found a shimmering blue altar of Sif Muna.
  5539 | D:7      | Reached skill level 5 in Invocations
  6264 | D:8      | Found a stormy altar of Qazlal.
  6272 | D:8      | Became a worshipper of Qazlal Stormbringer
  6272 | D:8      | Reached * piety under Qazlal
  6272 | D:8      | Reached ** piety under Qazlal
  6617 | D:8      | Reached skill level 7 in Unarmed Combat
  6768 | D:8      | Identified the ring "Archeu" {Wiz Str+4}
  6871 | D:8      | Identified the +0 ring mail of Words of Power {+Blink rC-
                  | Slay+3}
  7054 | D:8      | Reached XP level 10. HP: 70/98 MP: 13/13
  7567 | D:5      | Killed Sigmund
  7658 | D:5      | Killed Blork the orc
  8492 | D:9      | Found a staircase to the Lair.
  8501 | D:9      | Noticed Grum
  8504 | D:9      | Reached skill level 5 in Shields
  8512 | D:9      | Killed Grum
  8674 | D:9      | Reached skill level 8 in Unarmed Combat
  8679 | D:9      | Reached *** piety under Qazlal
  8965 | D:9      | Noticed Joseph
  8972 | D:9      | Killed Joseph
  8992 | D:9      | Noticed Maggie
  8998 | D:9      | Killed Maggie
  9301 | D:10     | Entered Level 10 of the Dungeon
  9301 | D:10     | Noticed Erolcha
  9347 | D:10     | Noticed Fannar
  9482 | D:11     | Found Raotus's Antique Weapon Emporium.
  9529 | D:11     | Reached XP level 11. HP: 105/107 MP: 15/15
  9558 | D:11     | Found a staircase to the Orcish Mines.
  9770 | D:11     | Reached skill level 1 in Armour
 10087 | D:11     | Noticed a boulder beetle
 10128 | D:11     | Killed a boulder beetle
 10513 | D:12     | Noticed a white ugly thing
 10537 | D:12     | Killed a white ugly thing
 10854 | D:12     | Noticed Nessos
 10866 | D:12     | Noticed a boulder beetle
 10871 | D:12     | HP: 5/109 [poisoned by Nessos]
 10883 | D:12     | Noticed a brown ugly thing
 10899 | D:12     | Mangled by a boulder beetle

Illustrated notes

Levels and vault maps discovered:
D:1:      wander_arrival_desolate, layout_basic, amcnicky_mini_corridor_feature,
          amcnicky_mini_pool_small
D:2:      layout_rooms, serial_shops, shop, chequers_ecumenical_altar_island
D:3:      layout_basic, roderic_batcave, hangedman_glass_teeth,
          serial_park_tiny_pond, serial_park_tiny_2
D:4:      layout_loops_ring, mainiacjoe_overflow_catwalk,
          nicolae_overflow_crystal_walls, minmay_temple_entry_enclosed_plants,
          serial_shops, shop
D:5:      layout_loops_ring, minmay_misc_feat_square, uniq_blork_the_orc,
          uniq_sigmund
D:6:      layout_rooms, cheibrodos_worm_habitat, uniq_pikel
D:7:      wander_river, layout_loops_corners, mainiacjoe_overflow_tiny_flanked,
          led_sif_pool, uniq_crazy_yiuf_cottage, uniq_menkaure
D:8:      layout_loops_corners, nicolae_qazlal_style_of_elements,
          dk_rats_in_the_wall
D:9:      layout_stronghold, dpeg_oklobed_lair, uniq_joseph, uniq_grum,
          uniq_maggie
D:10:     layout_irregular_city, enter_bailey_4, uniq_fannar, uniq_psyche,
          uniq_erolcha, uniq_harold
D:11:     layout_loops_corners, david_orc_2, serial_shops, shop_fountains
D:12:     layout_loops_ring, uniq_nessos
Temple:   eino_temple_rhombus

Skill      XL: |  1  2  3  4  5  6  7  8  9 10 11 |
---------------+----------------------------------+-----
Invocations    | 1 2 3 4 5 7 |  7.2
Fighting       | 3 4 5 6 7 |  7.2
Dodging        | 3 4 5 6 7 |  7.2
Unarmed Combat | 4 5 6 7 8 |  8.7
Shields        | 2 3 4 5 |  5.9
Armour         | 1 |  1.7
Stealth        | |  1.0

Action                   |  1- 3 |  4- 6 |  7- 9 | 10-12 || total
-------------------------+-------+-------+-------+-------++-------
Melee: Unarmed           |    55 |   142 |   305 |   310 ||   812
       Punch             |       |     3 |       |       ||     3
Invok: Upheaval          |       |       |       |     5 ||     5
  Use: Scroll            |       |       |     9 |     1 ||    10
       Potion            |       |       |     2 |     4 ||     6
 Stab: Distracted        |     1 |       |       |       ||     1
       Sleeping          |     6 |     8 |     7 |       ||    21
Armor: Robe              |    14 |    45 |    56 |    30 ||   145
       Acid dragon scale |       |       |       |    58 ||    58
Dodge: Dodged            |    29 |    67 |    94 |   111 ||   301
Block: Kite shield       |       |     7 |   107 |   169 ||   283
